 Dungeon Crawl Stone Soup version 0.31.0-32-g396128a36d (webtiles) character file.

Game seed: 8926460784606129927

8849 Fractals the Mimic (level 11, -4/94 HPs)
             Began as a Black Draconian Shapeshifter on Apr 18, 2024.
             Was a Believer of Qazlal.
             Slain by a seven-headed hydra (10 damage)
             ... on level 1 of the Lair of Beasts.
             The game lasted 00:31:40 (12705 turns).

Fractals the Mimic (Black Draconian Shapeshifter)  Turns: 12705, Time: 00:31:41

Health: -4/94      AC: 13    Str: 18    XL:     11   Next: 15%
Magic:  14/14      EV: 12    Int: 10    God:    Qazlal [**....]
Gold:   406        SH:  8    Dex: 14    Spells: 10/10 levels left

rFire   . .          .
                       - Unarmed
rCold   . . .        l - +1 buckler
rNeg    . . .        (body armour unavailable)
rPois   +            (helmet restricted)
rElec   +            C - scarf {shadows}
rCorr   .            J - +0 pair of gloves
SInv    .            K - +0 pair of boots of the Gate {rElec rPois Regen+}
Will    .....        k - amulet of the acrobat
Stlth   ++           E - +4 ring of protection
HPRegen 1.15/turn    L - ring of poison resistance
MPRegen 0.14/turn

%: acrobat
@: maw-form
A: devouring maw, breathe lightning, AC +7, unfitting armour, electricity
resistance, cold-blooded
a: Breathe Lightning, Begin Untransformation, Renounce Religion, Upheaval


You were on level 1 of the Lair of Beasts.
You worshipped Qazlal.
Qazlal was pleased with you.
You were a creature with a mouth for a stomach.
You visited 3 branches of the dungeon, and saw 11 of its levels.
You also visited: Sewer and Ossuary.

You collected 732 gold pieces.
You spent 326 gold pieces at shops.

Inventory:

Missiles
 H - 2 throwing nets (quivered)
Armour
 l - a +1 buckler (worn)
 C - a scarf of shadows (worn)
 J - a +0 pair of gloves (worn)
 K - the +0 pair of boots of the Gate (worn) {rElec rPois Regen+}
   (You bought it in a shop on level 9 of the Dungeon)

   rElec:     It insulates you from electricity.
   rPois:     It protects you from poison Regen+: It increases your rate of
   health regeneration.
Jewellery
 k - an amulet of the acrobat (around neck)
 E - a +4 ring of protection (left hand)
 I - an amulet of reflection
 L - a ring of poison resistance (right hand)
Talismans
 b - a beast talisman
 c - a flux talisman
 n - a blade talisman
 u - a maw talisman (active)
Wands
 f - a wand of mindburst (12)
 i - a wand of charming (7)
 o - a wand of digging (6)
 D - a wand of flame (29)
 G - a wand of quicksilver (6)
Scrolls
 d - 2 scrolls of teleportation
 g - 2 scrolls of fear
 j - 2 scrolls of enchant weapon
 m - 4 scrolls of enchant armour
 q - 3 scrolls of fog
 s - 2 scrolls of blinking
 y - 3 scrolls of amnesia
 A - a scroll of immolation
Potions
 a - a potion of might
 e - 3 potions of haste
 h - a potion of magic
 p - 4 potions of resistance
 r - 6 potions of curing
 t - a potion of ambrosia
 v - 2 potions of cancellation {unknown}
 w - a potion of heal wounds
 x - a potion of brilliance {unknown}
 z - 4 potions of enlightenment
 B - 3 potions of lignification
 F - a potion of berserk rage {unknown}


   Skills:
 + Level 8.2 Fighting
 - Level 3.0 Dodging
 - Level 3.0 Stealth
 - Level 4.0 Shields
 - Level 5.0 Unarmed Combat
 - Level 5.0 Invocations
 + Level 12.4 Shapeshifting


You had 10 spell levels left.
You didn't know any spells.
Your spell library contained the following spells:

 Spells                   Type           Power      Damage    Failure   Level
 Foxfire                  Conj/Fire      0%         2x1d4     43%         1
 Sting                    Conj/Alch      0%         1d3       43%         1
 Summon Small Mammal      Summ           0%         N/A       43%         1
 Mercury Vapours          Alch/Air       0%         N/A       58%         2
 Call Canine Familiar     Summ           0%         N/A       82%         3
 Gell's Gravitas          Tloc           0%         N/A       82%         3
 Summon Ice Beast         Ice/Summ       0%         N/A       82%         3
 Teleport Other           Tloc           0%         N/A       82%         3
 Tukima's Dance           Hex            0%         N/A       82%         3
 Anguish                  Hex/Necr       0%         N/A       99%         4
 Cause Fear               Hex            0%         N/A       99%         4
 Dimensional Bullseye     Hex/Tloc       0%         N/A       99%         4
 Iskenderun's Mystic Bla  Conj/Tloc      0%         2d3       99%         4
 Olgreb's Toxic Radiance  Alch           0%         N/A       99%         4
 Summon Blazeheart Golem  Fire/Summ      0%         N/A       99%         4
 Summon Mana Viper        Hex/Summ       0%         N/A       100%        5
 Dispersal                Tloc           0%         N/A       100%        6
 Plasma Beam              Fire/Air       0%         2x1d10    100%        6
 Starburst                Conj/Fire      0%         6d3       100%        6
 Enfeeble                 Hex            0%         N/A       100%        7
 Monstrous Menagerie      Summ           0%         N/A       100%        7


Dungeon Overview and Level Annotations

Branches:
Dungeon (9/15)             Temple (1/1) D:6            Lair (1/5) D:9
    Orc (0/2) D:9           Sewer (visited)         Ossuary (visited)

Altars:
Ashenzari
Cheibriados
Dithmenos
Elyvilon
Fedhas
Gozag
Hepliaklqana
Kikubaaqudgha
Makhleb
Nemelex Xobeh
Okawaru
Qazlal
Ru
Sif Muna
Trog
Uskayaw
Vehumet
Wu Jian
Xom
Yredelemnul
Zin
The Shining One

Shops:
D:5 :*   D:9 [(


Innate Abilities, Weirdness & Mutations

You are a creature with a mouth for a stomach.
Your midsection houses a second, enormous mouth.
You can breathe wild blasts of lightning.
Your glossy black scales are hard. (AC +7)
You cannot fit into any form of body armour.
You are resistant to electric shocks. (rElec)
You are cold-blooded and may be slowed by cold attacks.


Message History

The seven-headed hydra barely misses you. x2
The seven-headed hydra bites you.
You barely miss the seven-headed hydra.
Your tail-slap misses the seven-headed hydra.
The seven-headed hydra is moderately wounded.
The seven-headed hydra bites you.
The seven-headed hydra bites you but does no damage. x2
The seven-headed hydra bites you! x2; The seven-headed hydra bites you. x2
You punch the seven-headed hydra!
Your bite misses the seven-headed hydra.
The seven-headed hydra is heavily wounded.
The seven-headed hydra barely misses you.
The seven-headed hydra bites you but does no damage.
You block the seven-headed hydra's attack.
The seven-headed hydra closely misses you.
The seven-headed hydra bites you. x2; The seven-headed hydra bites you!
You punch the seven-headed hydra! You tail-slap the seven-headed hydra.
The seven-headed hydra is severely wounded.
The seven-headed hydra bites you. The seven-headed hydra misses you.
You block the seven-headed hydra's attack.
The seven-headed hydra bites you but does no damage. x3
The seven-headed hydra misses you.
You hit the seven-headed hydra but do no damage.
Your bite misses the seven-headed hydra.
The seven-headed hydra is severely wounded.
The seven-headed hydra bites you but does no damage. x3
The seven-headed hydra closely misses you.
The seven-headed hydra bites you.
The seven-headed hydra closely misses you.
The seven-headed hydra barely misses you.
You barely miss the seven-headed hydra.
The seven-headed hydra is severely wounded.
You block the seven-headed hydra's attack. x2
The seven-headed hydra bites you! x2
* * * LOW HITPOINT WARNING * * *
The seven-headed hydra bites you but does no damage.
The seven-headed hydra bites you!
* * * LOW HITPOINT WARNING * * *
The seven-headed hydra bites you!
You die...

............ ....##....#
.P#..#....#............
....##....#........P...
.....#..............$..
....#..................
....##....#............
....##....#......ยง.....
######....#.....W..#
##.##......######D##
>...................
......................
.......................
.......................
###....................
P####....#..####.#
...##....#.........


You could see a seven-headed hydra.

Vanquished Creatures
  A two-headed ogre (D:9)
  A black mamba (Lair:1)
  A cane toad (Lair:1)
  2 komodo dragons (Lair:1)
  3 blink frogs (Lair:1)
  7 yaks (D:9)
  A wraith (D:9)
  3 wyverns
  A steam dragon (D:6)
  3 vampire mosquitoes (D:8)
  A water moccasin (D:7)
  An orc warrior (D:8)
  2 black bears
  A sky beast (D:6)
  6 wolves (Lair:1)
  A phantom (D:7)
  4 centaurs
  7 kobold brigands
  7 bullfrogs
  4 scorpions
  9 killer bees
  3 howler monkeys (D:7)
  2 bombardier beetles
  4 hounds
  5 bullfrog zombies (Ossuary)
  A sleepcap (D:4)
  2 orc priests
  4 jellies
  Jessica (D:2)
  2 iguanas
  6 mummies (Ossuary)
  8 orc wizards
  A killer bee zombie (Ossuary)
  3 crocodile zombies (Ossuary)
  4 hound zombies (Ossuary)
  4 howler monkey zombies (Ossuary)
  4 gnolls
  6 adders
  2 river rats (Sewer)
  2 white imps
  9 ribbon worms
  42 orcs
  11 ball pythons
  8 endoplasms
  3 giant cockroaches
  12 goblins
  20 hobgoblins
  7 jackals
  6 quokkas
  6 ball python zombies (Ossuary)
  8 bats
  6 frilled lizards
  15 kobolds
  15 rats
298 creatures vanquished.

Notes
Turn   | Place    | Note
-------+----------+-------------------------------------------
     0 | D:1      | Fractals the Draconian Shapeshifter began the quest for the
                  | Orb.
     0 | D:1      | Reached XP level 1. HP: 16/16 MP: 1/1
   161 | D:1      | Reached XP level 2. HP: 20/23 MP: 2/2
   274 | D:1      | Reached skill level 1 in Stealth
   556 | D:1      | Reached XP level 3. HP: 29/29 MP: 3/3
  1469 | D:1      | Reached XP level 4. HP: 32/37 MP: 4/4
  1741 | D:2      | Noticed Jessica
  1748 | D:2      | Killed Jessica
  2055 | D:2      | Reached XP level 5. HP: 45/45 MP: 5/5
  2180 | D:2      | Reached skill level 4 in Shapeshifting
  3262 | D:3      | Reached skill level 1 in Shields
  3894 | D:4      | Reached XP level 6. HP: 46/51 MP: 6/6
  4129 | D:4      | Found a glowing drain.
  4133 | Sewer    | Entered a sewer
  4192 | Sewer    | HP: 1/51 [ribbon worm (3)]
  4216 | Sewer    | Reached skill level 5 in Shapeshifting
  4555 | Sewer    | Your scales start taking on a glossy black colour.
  4555 | Sewer    | Reached XP level 7. HP: 54/57 MP: 7/7
  4555 | Sewer    | Gained mutation: You are resistant to electric shocks.
                  | (rElec) [Black Draconian growth]
  5076 | Sewer    | Reached skill level 6 in Shapeshifting
  5739 | D:5      | Entered Level 5 of the Dungeon
  5858 | D:5      | Found Ribol's Mayhem Merchandise.
  5917 | D:5      | Reached XP level 8. HP: 52/66 MP: 8/8
  5990 | D:5      | Found a sand-covered staircase.
  5995 | Ossuary  | Entered an ossuary
  6019 | Ossuary  | Reached skill level 7 in Shapeshifting
  6354 | Ossuary  | Reached skill level 8 in Shapeshifting
  6832 | D:5      | Found a burning altar of Makhleb.
  6837 | D:5      | Found a bloodstained altar of Trog.
  6840 | D:5      | Found a shadowy altar of Dithmenos.
  7237 | D:5      | Found Simnaxt's Book Shoppe.
  7445 | D:6      | Reached skill level 5 in Fighting
  7458 | D:6      | Reached skill level 9 in Shapeshifting
  7755 | D:6      | Reached XP level 9. HP: 60/74 MP: 9/9
  7884 | D:6      | Found a hide-covered altar of Uskayaw.
  8475 | D:6      | Found a shimmering blue altar of Sif Muna.
  8718 | D:6      | Found a staircase to the Ecumenical Temple.
  8724 | Temple   | Entered the Ecumenical Temple
  8739 | Temple   | Became a worshipper of Qazlal Stormbringer
  8841 | D:6      | Found a sacrificial altar of Ru.
  8972 | D:7      | Identified the ring of Xom's Ringing Laughter {Ice Str+3}
  9092 | D:7      | Reached skill level 10 in Shapeshifting
  9404 | D:7      | Found a glowing golden altar of the Shining One.
  9406 | D:7      | Noticed an angel
  9419 | D:7      | Found a basalt altar of Yredelemnul.
  9422 | D:7      | Noticed a profane servitor
  9671 | D:8      | Found a sparkling altar of Nemelex Xobeh.
  9867 | D:8      | Found a shimmering blue altar of Sif Muna.
 10040 | D:8      | Reached skill level 1 in Invocations
 10342 | D:8      | Reached * piety under Qazlal
 10465 | D:8      | Reached skill level 11 in Shapeshifting
 10612 | D:8      | Reached XP level 10. HP: 78/83 MP: 12/12
 10810 | D:9      | Noticed a two-headed ogre
 10819 | D:9      | Killed a two-headed ogre
 11190 | D:9      | Found a staircase to the Lair.
 11355 | D:9      | Reached skill level 5 in Unarmed Combat
 11630 | D:9      | Found Fatia's Weapon Shoppe.
 11631 | D:9      | Found a staircase to the Orcish Mines.
 11641 | D:9      | Found Jorer's Armour Shoppe.
 11677 | D:9      | Reached skill level 12 in Shapeshifting
 11775 | D:9      | Bought a +0 pair of gloves for 54 gold pieces
 11775 | D:9      | Bought the +0 pair of boots of the Gate {rElec rPois
                  | Regen+} for 272 gold pieces
 12295 | Lair:1   | Entered Level 1 of the Lair of Beasts
 12321 | Lair:1   | Noticed a black mamba
 12335 | Lair:1   | Killed a black mamba
 12415 | Lair:1   | Reached skill level 5 in Invocations
 12439 | Lair:1   | Reached ** piety under Qazlal
 12461 | Lair:1   | Reached XP level 11. HP: 75/94 MP: 14/14
 12699 | Lair:1   | Noticed a seven-headed hydra
 12705 | Lair:1   | Slain by a seven-headed hydra

Illustrated notes

Levels and vault maps discovered:
D:1:      dpeg_arrival_rooms_a, layout_basic, minmay_split_cup_large
D:2:      layout_loops_ring, uniq_jessica
D:3:      cheibrodos_greedy_goblins, layout_basic, minmay_starry_boxes
D:4:      layout_loops_ring, gup_sewer_entry_bowl
D:5:      layout_loops_cross, grunt_temple_overflow_diamond,
          lightli_ossuary_entry_decrepit_ruins, serial_shops,
          nicolae_lakefront_shop, minmay_shop_mayhem
D:6:      layout_basic, mainiacjoe_overflow_24_doors,
          nicolae_ru_great_annihilating_truth,
          minmay_temple_entry_enclosed_plants, dreamdust_princess_bridge,
          hangedman_abyss_or_decor_stabs, minmay_ruined_shrine
D:7:      layout_rooms, grunt_temple_overflow_holy_war,
          chequers_serial_rivers_micro_a, minmay_misc_feat_hallway
D:8:      layout_basic, mainiacjoe_overflow_two_lobes
D:9:      layout_irregular_city, dpeg_oklobed_lair, orc_david_3
Temple:   hellmonk_temple_forest_ring
Lair:1:   layout_regular_city, grunt_megastairs_5, infiniplex_staircase_pool_2

Skill      XL: |  1  2  3  4  5  6  7  8  9 10 11 |
---------------+----------------------------------+-----
Stealth        | 1 2 3 |  3.0
Fighting       | 2 3 4 5 6 8 |  8.2
Shapeshifting  | 4 5 6 9 11 12 | 12.4
Shields        | 1 3 4 |  4.0
Unarmed Combat | 4 5 |  5.0
Dodging        | 3 |  3.0
Invocations    | 2 5 |  5.0

Action                     |  1- 3 |  4- 6 |  7- 9 | 10-12 || total
---------------------------+-------+-------+-------+-------++-------
  Melee: Unarmed           |   121 |   269 |   593 |   226 ||  1209
         Tailslap          |     8 |    28 |    98 |    40 ||   174
         Punch             |     6 |     1 |     2 |     1 ||    10
         Maw               |       |       |       |    75 ||    75
    Use: Potion            |     2 |     4 |     1 |     1 ||     8
         Scroll            |       |     8 |    12 |     1 ||    21
   Stab: Sleeping          |     1 |     5 |    11 |       ||    17
         Distracted        |       |     1 |       |       ||     1
         Paralysed         |       |       |     1 |       ||     1
 Armour: Skin              |    85 |   115 |   308 |   146 ||   654
  Dodge: Dodged            |    73 |   146 |   308 |   126 ||   653
  Block: Buckler           |       |    28 |    97 |    77 ||   202
         Other             |       |       |       |     1 ||     1
         Form:             |       |       |     1 |       ||     1
         Blade             |       |       |     1 |       ||     1
         Beast             |       |       |     1 |       ||     1
         Maw               |       |       |       |     1 ||     1
